[Event "Titled Tuesday Blitz August 24 2021"]
[White "Nilsen, Tobias Lang"]
[Black "Kavyev, Ruslan"]
[WhiteFideId "1521624"]
[BlackFideId "34110981"]
[WhiteElo "1975"]
[BlackElo "2172"]
[Result "1-0"]
[Round "04"]
[TimeControl "180+1"]
[Date "2021.08.24"]
[WhiteClock "0:02:00"]
[BlackClock "0:01:12"]

1. e4 d5 2. exd5 Nf6 3. Nf3 Bh3 4. gxh3 Qxd5 5. Nc3 Qf5 6. Bd3 Qxh3 7. Qe2 Nc6 8. Ne4 Nd5 9. Neg5 Qd7 10. Bc4 Ndb4 11. Bxf7+ Kd8 12. d3 e5 13. Bb3 b6 14. Nf7+ Kc8 15. Nxh8 Kb7 16. a3 Na6 17. Nf7 Nc5 18. Ba2 Re8 19. N7g5 Nd4 20. Nxd4 exd4 21. Ne4 Qf5 22. Nd6+ Bxd6 23. Qxe8 Qf3 24. Rf1 Bxh2 25. b4 Na4 26. Qe4+ 1-0


[Site "https://www.chess.com"]

[Event "Titled Tuesday Blitz August 24 2021"]
[White "Orantes Taboada, Francisco"]
[Black "Sydoryka, Vladyslav"]
[WhiteFideId "22274758"]
[BlackFideId "14145928"]
[WhiteElo "2073"]
[BlackElo "2217"]
[Result "0-1"]
[Round "04"]
[TimeControl "180+1"]
[Date "2021.08.24"]
[WhiteClock "0:01:20"]
[BlackClock "0:00:07"]

1. Nf3 d5 2. g3 Bg4 3. Bg2 Nd7 4. d4 Ngf6 5. O-O c6 6. c4 e6 7. Nc3 Bxf3 8. Bxf3 dxc4 9. e4 Be7 10. Be3 O-O 11. Qe2 Nb6 12. Rad1 Rc8 13. d5 cxd5 14. Bxb6 Qxb6 15. exd5 Rfd8 16. dxe6 fxe6 17. Rxd8+ Bxd8 18. Re1 Kf7 19. Bh5+ g6 20. Bg4 Nxg4 21. Qxg4 Bf6 22. Nd5 Qd6 23. Nxf6 Kxf6 24. Re4 Rc6 25. Rf4+ Kg7 26. Qg5 Qd1+ 27. Kg2 Qd5+ 28. Qxd5 exd5 29. Kf3 Rb6 30. Rd4 Rxb2 31. Rxd5 c3 32. Rc5 c2 33. a4 b6 34. Rc6 a6 35. Ke3 Ra2 36. Kd3 b5 37. axb5 axb5 38. Rxc2 Rxc2 39. Kxc2 Kf6 40. Kb3 Ke5 41. Kb4 Ke4 42. f4 Kf3 43. Kxb5 h5 44. Kc5 Kg2 45. Kd5 Kxh2 46. Ke5 Kxg3 47. Kf6 Kxf4 48. Kxg6 h4 49. Kh5 h3 0-1


[Site "https://www.chess.com"]

[Event "Titled Tuesday Blitz August 24 2021"]
[White "Ovetchkin, Roman"]
[Black "Astafurov, Arseniy"]
[WhiteFideId "4119991"]
[BlackFideId "24175218"]
[WhiteElo "2432"]
[BlackElo "2163"]
[Result "1-0"]
[Round "04"]
[TimeControl "180+1"]
[Date "2021.08.24"]
[WhiteClock "0:00:32"]
[BlackClock "0:00:06"]

1. d4 Nf6 2. c4 g6 3. Nc3 d5 4. cxd5 Nxd5 5. e4 Nxc3 6. bxc3 Bg7 7. Be3 c5 8. Qd2 O-O 9. d5 b6 10. Rd1 f5 11. exf5 Bxf5 12. Nf3 Nd7 13. Be2 Nf6 14. c4 Ne4 15. Qc1 Nc3 16. Rd2 Nxe2 17. Kxe2 Bg4 18. h3 Bxf3+ 19. gxf3 Qd7 20. Qc2 Rae8 21. Qe4 Kh8 22. h4 Rf5 23. h5 Rxh5 24. Rxh5 gxh5 25. Qe6 Qxe6 26. dxe6 h4 27. f4 h3 28. Kf3 Bc3 29. Rd1 Rg8 30. Rh1 Rg6 31. f5 Rg4 32. Kxg4 1-0


[Site "https://www.chess.com"]

[Event "Titled Tuesday Blitz August 24 2021"]
[White "Pacheco Lugo, Alejandro Jose"]
[Black "sganerdene"]
[WhiteFideId "3903745"]
[WhiteElo "2125"]
[BlackElo "2635"]
[Result "0-1"]
[Round "04"]
[TimeControl "180+1"]
[Date "2021.08.24"]
[WhiteClock "0:00:04"]
[BlackClock "0:00:33"]

1. e4 c5 2. Nf3 d6 3. d4 cxd4 4. Nxd4 Nf6 5. Nc3 Nc6 6. Bg5 e6 7. Qd2 a6 8. Nxc6 bxc6 9. O-O-O Qa5 10. Bc4 Be7 11. f4 d5 12. Bb3 Nxe4 13. Nxe4 Qxd2+ 14. Nxd2 Bd6 15. Rhf1 f6 16. Bh4 Kf7 17. Kb1 a5 18. a4 Ba6 19. Rfe1 Bxf4 20. Nf3 c5 21. c3 Rab8 22. Ka2 Rb6 23. Bc2 Rhb8 24. Rb1 g6 25. Bf2 Bd6 26. h4 h5 27. Nd2 R6b7 28. Ka1 Bf8 29. Bg3 e5 30. Red1 Be2 31. Re1 Bg4 32. Nf3 Re8 33. Bxe5 Bxf3 34. gxf3 Rxe5 35. Rg1 f5 36. Rg2 Rb6 37. Rbg1 Be7 38. f4 Ree6 39. Rd2 Red6 40. Rgd1 d4 41. cxd4 c4 42. Bb1 Rb4 43. Ba2 Rxa4 44. Kb1 Kg7 45. Rc2 Bxh4 46. Rxc4 Rxc4 47. Bxc4 Bg3 48. Rg1 Bxf4 49. d5 h4 50. Kc2 h3 51. Kd3 h2 52. Rf1 g5 53. Kd4 g4 54. Kc5 g3 0-1


[Site "https://www.chess.com"]

[Event "Titled Tuesday Blitz August 24 2021"]
[White "Pakleza, Zbigniew"]
[Black "Iskusnyh, Sergei"]
[WhiteFideId "1119290"]
[BlackFideId "4120027"]
[WhiteElo "2526"]
[BlackElo "2492"]
[Result "1-0"]
[Round "04"]
[TimeControl "180+1"]
[Date "2021.08.24"]
[WhiteClock "0:00:10"]
[BlackClock "0:00:05"]

1. Nf3 d5 2. c4 c6 3. cxd5 cxd5 4. d4 Nc6 5. Nc3 Nf6 6. Bf4 a6 7. e3 Bg4 8. Bd3 e6 9. h3 Bh5 10. Qb3 Bxf3 11. gxf3 Na5 12. Qa4+ Nd7 13. Rc1 Rc8 14. Ke2 Nc4 15. Qb3 b5 16. a4 Na5 17. Qa2 b4 18. Nb1 b3 19. Qa1 Nc4 20. Nd2 Nxd2 21. Kxd2 Bb4+ 22. Ke2 O-O 23. Bxa6 Ra8 24. Bb5 Ra7 25. Qb1 Nb6 26. Qd3 Nxa4 27. Ra1 Nxb2 28. Qxb3 Rb7 29. Qxb4 Nc4 30. Rhb1 Qb6 31. Qc5 Qd8 32. Bxc4 Rxb1 33. Rxb1 dxc4 34. Rb8 Qxb8 35. Bxb8 Rxb8 36. Qxc4 g6 37. f4 Rb2+ 38. Kf3 Kg7 39. d5 exd5 40. Qd4+ 1-0


[Site "https://www.chess.com"]

[Event "Titled Tuesday Blitz August 24 2021"]
[White "Perez Gormaz, Matias"]
[Black "Labussiere, Yago"]
[WhiteFideId "3406342"]
[BlackFideId "2186969"]
[WhiteElo "2352"]
[BlackElo "1857"]
[Result "1-0"]
[Round "04"]
[TimeControl "180+1"]
[Date "2021.08.24"]
[WhiteClock "0:00:02"]
[BlackClock "0:00:02"]

1. e4 c5 2. Nf3 d6 3. d4 cxd4 4. Nxd4 Nf6 5. Nc3 Nc6 6. Be2 e5 7. Nf3 Be7 8. O-O h6 9. Re1 O-O 10. Bf1 Be6 11. Nd5 Rc8 12. c4 Bg4 13. Be2 Nxd5 14. cxd5 Bxf3 15. Bxf3 Nd4 16. Bg4 f5 17. exf5 Nc2 18. Bd2 Nxe1 19. Qxe1 Rc4 20. h3 Bf6 21. Qe3 e4 22. Qxa7 Rc2 23. Be3 Rxb2 24. Rc1 Be5 25. Qa4 Qa8 26. Qxe4 Qxa2 27. f6 Bxf6 28. Rc8 Rxc8 29. Qe6+ Kh7 30. Bf5+ g6 31. Qd7+ Bg7 32. Qxc8 Qa1+ 33. Kh2 gxf5 34. Qxf5+ Kg8 35. Qe6+ Kf8 36. Qxd6+ Kf7 37. Qe6+ Kf8 38. Bc5# 1-0


[Site "https://www.chess.com"]

[Event "Titled Tuesday Blitz August 24 2021"]
[White "Petesch, Gabriel"]
[Black "Kobalia, Mikhail"]
[WhiteFideId "2032465"]
[BlackFideId "4119150"]
[WhiteElo "2374"]
[BlackElo "2569"]
[Result "0-1"]
[Round "04"]
[TimeControl "180+1"]
[Date "2021.08.24"]
[WhiteClock "0:00:01"]
[BlackClock "0:01:36"]

1. Nf3 Nf6 2. g3 g6 3. Bg2 Bg7 4. O-O O-O 5. d4 d6 6. Nc3 Nc6 7. Bf4 Re8 8. Qd2 Bf5 9. Rad1 Ne4 10. Nxe4 Bxe4 11. c3 a5 12. Bh6 Bh8 13. Qf4 Bd5 14. Ng5 Bxa2 15. d5 Ne5 16. Bh3 e6 17. e4 Qf6 18. Qh4 Qxg5 19. Bxg5 Nf3+ 20. Kg2 Nxh4+ 21. Bxh4 exd5 22. exd5 Re2 23. b4 a4 24. Bg4 Rc2 25. Rfe1 Bxc3 26. Re7 Rd2 27. Rde1 Bxd5+ 28. Kh3 Rxf2 29. Re8+ Rxe8 30. Rxe8+ Kg7 31. Be7 Bg2+ 32. Kh4 Bf6+ 33. Bxf6+ Kxf6 34. Ra8 Bc6 35. h3 h5 36. Bc8 Kg7 37. Ra5 Kh6 0-1


[Site "https://www.chess.com"]

[Event "Titled Tuesday Blitz August 24 2021"]
[White "Petrovskyi, Vadym"]
[Black "Biletskiy, Danylo"]
[WhiteFideId "14165210"]
[BlackFideId "14155419"]
[WhiteElo "2334"]
[BlackElo "2099"]
[Result "1/2-1/2"]
[Round "04"]
[TimeControl "180+1"]
[Date "2021.08.24"]
[WhiteClock "0:00:01"]
[BlackClock "0:00:14"]

1. e4 c5 2. Nf3 Nc6 3. d4 cxd4 4. Nxd4 g6 5. Nc3 Bg7 6. Be3 Nf6 7. Nxc6 bxc6 8. e5 Ng8 9. f4 Nh6 10. Qd2 O-O 11. O-O-O d6 12. h3 Qa5 13. g4 dxe5 14. fxe5 Bxg4 15. hxg4 Nxg4 16. Bc4 Nxe3 17. Qxe3 Qxe5 18. Qh3 h5 19. Qf3 Qc5 20. Bb3 Bxc3 21. bxc3 a5 22. Rhg1 Kg7 23. a4 Rab8 24. c4 Qa3+ 25. Kb1 Qxa4 26. Qc3+ Kh7 27. Rg5 Qb4 28. Qe5 f6 29. Rxh5+ Kg7 30. Qg3 a4 31. Rg1 Kf7 32. Qxg6+ Ke6 33. Qf5+ Kd6 34. Rd1+ Kc7 35. Qd7+ Kb6 36. c5+ Ka6 37. Qxc6+ Ka5 38. Qc7+ Ka6 39. Qc6+ Ka5 40. Qc7+ Ka6 41. Qc6+ 1/2-1/2


[Site "https://www.chess.com"]

[Event "Titled Tuesday Blitz August 24 2021"]
[White "Pham, Le Thao Nguyen"]
[Black "Demidov, Mikhail"]
[WhiteFideId "12401226"]
[BlackFideId "4197143"]
[WhiteElo "2286"]
[BlackElo "2559"]
[Result "1-0"]
[Round "04"]
[TimeControl "180+1"]
[Date "2021.08.24"]
[WhiteClock "0:00:15"]
[BlackClock "0:00:04"]

1. d4 g6 2. Nf3 Bg7 3. g3 d6 4. Bg2 Nd7 5. O-O e5 6. c4 Ne7 7. Nc3 O-O 8. e4 exd4 9. Nxd4 Nc6 10. Be3 Nde5 11. Nxc6 bxc6 12. Qa4 Be6 13. Rfe1 Nxc4 14. Qxc6 Nxb2 15. Nd5 Nd3 16. Red1 Bxd5 17. Qxd5 Ne5 18. h3 a5 19. Rac1 a4 20. f4 Nd7 21. e5 Ra6 22. Qc4 Ra5 23. Qxc7 Qxc7 24. Rxc7 Nxe5 25. fxe5 Bxe5 26. Bf4 a3 27. Rd5 Ra4 28. Bxe5 dxe5 29. Rxe5 Rb4 30. Re3 Rb1+ 31. Kf2 Rb2+ 32. Re2 Rfb8 33. Bd5 Kg7 34. Ra7 Kh6 35. Rxa3 f5 36. Rb3 Rxe2+ 37. Kxe2 Rd8 38. Rd3 Rd7 39. a4 Ra7 40. Bc6 Kg5 41. Bb5 h5 42. Rd4 Kf6 43. h4 Ke5 44. Ke3 Rc7 45. Rc4 Ra7 46. Rc5+ Kf6 47. Kf4 Re7 48. Rc6+ Kg7 49. Kg5 Re3 50. Rxg6+ Kf7 51. Kxh5 f4 52. gxf4 Rc3 53. f5 Rc5 54. Kg5 Rc1 55. h5 Rg1+ 56. Kh6 Rh1 57. a5 Rb1 58. Bc4+ Ke7 59. a6 Rc1 60. a7 1-0


[Site "https://www.chess.com"]

[Event "Titled Tuesday Blitz August 24 2021"]
[White "Pichot, Alan"]
[Black "Kekelidze, Mikheil"]
[WhiteFideId "110973"]
[BlackFideId "13600818"]
[WhiteElo "2622"]
[BlackElo "2387"]
[Result "0-1"]
[Round "04"]
[TimeControl "180+1"]
[Date "2021.08.24"]
[WhiteClock "0:00:10"]
[BlackClock "0:01:14"]

1. e4 c5 2. Nf3 e6 3. d4 cxd4 4. Nxd4 a6 5. Nc3 Qc7 6. Bd3 Nf6 7. f4 Bb4 8. Ne2 d6 9. Be3 Nbd7 10. a3 Bc5 11. Qd2 b5 12. O-O-O Bb7 13. Rhe1 O-O 14. h3 b4 15. axb4 Bxb4 16. g4 Nc5 17. Bxc5 Qxc5 18. Kb1 Qa5 19. Qe3 Rfc8 20. g5 Nd7 21. h4 Rab8 22. Qd4 Bc6 23. Qc4 Ba4 24. Qd4 Rxc3 25. Nxc3 Bxc3 26. Qxd6 Rxb2+ 27. Kc1 Ra2 0-1


[Site "https://www.chess.com"]

[Event "Titled Tuesday Blitz August 24 2021"]
[White "Postny, Evgeny"]
[Black "Song, Michael"]
[WhiteFideId "2804344"]
[BlackFideId "2613190"]
[WhiteElo "2521"]
[BlackElo "2274"]
[Result "1-0"]
[Round "04"]
[TimeControl "180+1"]
[Date "2021.08.24"]
[WhiteClock "0:00:25"]
[BlackClock "0:00:11"]

1. e4 e5 2. Nf3 Nc6 3. Bb5 Nf6 4. O-O Nxe4 5. d4 Nd6 6. Bxc6 dxc6 7. dxe5 Nf5 8. Qxd8+ Kxd8 9. Nc3 Bd7 10. Rd1 Kc8 11. h3 Be7 12. Bg5 b6 13. g4 h6 14. Bxe7 Nxe7 15. Kg2 c5 16. Kg3 Be6 17. Nd2 g5 18. Nf3 Kb7 19. Ne4 Ng6 20. Nf6 Rad8 21. b3 c4 22. Re1 a5 23. Re3 Kc6 24. h4 gxh4+ 25. Nxh4 Nxh4 26. Kxh4 Rd2 27. f4 Rxc2 28. f5 Bd5 29. Rd1 cxb3 30. Nxd5 bxa2 31. Rc3+ Rxc3 32. Nxc3 Rd8 33. Rc1 b5 34. Nxa2+ Kb6 35. Kh5 b4 36. Kxh6 Rd2 37. Nc3 bxc3 38. Rxc3 c5 39. Kg7 Re2 40. Kxf7 Rxe5 41. Kf6 Re8 42. g5 Kb5 43. g6 Kb4 44. Rc1 c4 45. Kf7 Rc8 46. g7 Rc7+ 47. Kg6 Rc8 48. f6 Kb3 49. f7 Kb2 50. Rxc4 Rxc4 51. f8=Q a4 52. Qf2+ 1-0


[Site "https://www.chess.com"]

[Event "Titled Tuesday Blitz August 24 2021"]
[White "Potapova, Margarita"]
[Black "Yoo, Christopher Woojin"]
[WhiteFideId "14126869"]
[BlackFideId "30909694"]
[WhiteElo "2214"]
[BlackElo "2105"]
[Result "0-1"]
[Round "04"]
[TimeControl "180+1"]
[Date "2021.08.24"]
[WhiteClock "0:00:04"]
[BlackClock "0:00:03"]

1. e4 c5 2. g3 d5 3. exd5 Qxd5 4. Nf3 Nc6 5. Bg2 Bg4 6. h3 Qe6+ 7. Kf1 Bh5 8. d3 Qd7 9. Be3 e6 10. Na3 Nf6 11. Nc4 Nd5 12. g4 Nxe3+ 13. fxe3 Bg6 14. Nfe5 Nxe5 15. Nxe5 Qc7 16. Qf3 Rb8 17. Nc4 Be7 18. a4 O-O 19. h4 f5 20. g5 Bd6 21. h5 Be8 22. Ke2 Bc6 23. Qh3 Bxg2 24. Qxg2 f4 25. exf4 Bxf4 26. Raf1 Rf5 27. g6 h6 28. Qe4 Rf6 29. Rf3 Rbf8 30. Rhf1 Kh8 31. b3 b6 32. R3f2 e5 33. Rf3 Qd7 34. Ne3 Re8 35. Nd5 Rff8 36. Nc3 Qg4 37. Kd1 Qxh5 38. Nd5 Qg4 39. Nc7 Re7 40. Nd5 Re6 41. Nc7 Rxg6 42. Nd5 Rg5 43. Ne3 Qe6 44. Nc4 Qg4 45. Ne3 Qh5 46. Nc4 Rg2 47. Nd6 Qg6 48. Qxg6 Rxg6 49. Ne4 Re6 50. Nf2 Kg8 51. Nh3 Ref6 52. Ke2 g5 53. Nf2 Rf5 54. Ne4 Kg7 55. Nd6 R5f6 56. Ne4 R6f7 57. Rh3 Kg6 58. Rfh1 Rh7 59. Nd6 g4 60. Ne4 gxh3 61. Rxh3 h5 0-1


[Site "https://www.chess.com"]

[Event "Titled Tuesday Blitz August 24 2021"]
[White "Prydun, Andriy"]
[Black "Bobkov, Vadim"]
[WhiteFideId "14145898"]
[BlackFideId "34110876"]
[WhiteElo "2047"]
[BlackElo "2117"]
[Result "0-1"]
[Round "04"]
[TimeControl "180+1"]
[Date "2021.08.24"]
[WhiteClock "0:00:01"]
[BlackClock "0:00:09"]

1. d4 d5 2. Nc3 e6 3. e4 f5 4. exf5 exf5 5. Bf4 Bd6 6. Bxd6 Qxd6 7. Bd3 Nf6 8. Qe2+ Qe7 9. Nf3 c6 10. O-O Qxe2 11. Nxe2 Ne4 12. Ne5 Nd7 13. Nxd7 Bxd7 14. f3 Nd6 15. Rfe1 Kf7 16. h4 Rae8 17. Nf4 Rxe1+ 18. Rxe1 Re8 19. Rxe8 Bxe8 20. Kf2 Kf6 21. Kg3 g6 22. Nh3 h6 23. Kf4 Nf7 24. g4 g5+ 25. hxg5+ hxg5+ 26. Kg3 f4+ 27. Kg2 Nd8 28. Nf2 Ne6 29. c3 c5 30. Bf5 cxd4 31. Bxe6 dxc3 32. Bxd5 cxb2 33. Be4 Bg6 34. Nd1 Bxe4 35. Nxb2 Bd5 36. a3 Ke5 37. Nd3+ Kd4 38. Nb4 a5 39. Nc2+ Kc3 40. Ne1 b5 41. Kf2 b4 42. axb4 axb4 43. Ke2 b3 44. Nd3 Bc4 0-1


[Site "https://www.chess.com"]

[Event "Titled Tuesday Blitz August 24 2021"]
[White "Rahman, Ziaur"]
[Black "Krutko, Anatoly"]
[WhiteFideId "10200037"]
[BlackFideId "4185862"]
[WhiteElo "2460"]
[BlackElo "2378"]
[Result "1-0"]
[Round "04"]
[TimeControl "180+1"]
[Date "2021.08.24"]
[WhiteClock "0:00:03"]
[BlackClock "0:00:12"]

1. d4 Nf6 2. Nf3 g6 3. g3 Bg7 4. Bg2 d6 5. b3 O-O 6. Bb2 Nbd7 7. O-O c5 8. c4 cxd4 9. Nxd4 Nc5 10. Nc3 h5 11. h3 a5 12. e3 Bd7 13. Qe2 Qc8 14. Kh2 h4 15. g4 Nh7 16. Nd5 Qd8 17. Nf3 e6 18. Bxg7 Kxg7 19. Qb2+ Kg8 20. Nf4 Bc6 21. Rad1 Qe7 22. Ne1 Bxg2 23. Nexg2 b6 24. f3 Nd7 25. Qd2 a4 26. Qxd6 Qxd6 27. Rxd6 Ne5 28. Rxb6 axb3 29. axb3 Ra2 30. Rb5 Nc6 31. Kg1 Rd8 32. Rb6 Ne5 33. Rb5 Nc6 34. Rc5 Nb4 35. Rb5 Nc2 36. c5 g5 37. Nh5 Rd2 38. c6 Nd4 39. Rb8+ Nf8 40. Nhf4 gxf4 41. Nxf4 Ne2+ 42. Nxe2 Rxe2 43. Rc1 Rg2+ 44. Kf1 Rh2 45. Kg1 Rag2+ 46. Kf1 Rf2+ 47. Kg1 Rhg2+ 48. Kh1 Rh2+ 49. Kg1 Rfg2+ 50. Kf1 Rh1+ 51. Kxg2 Rxc1 52. Rc8 Kg7 53. b4 e5 54. b5 Rc2+ 55. Kf1 Ne6 56. b6 Rc1+ 57. Ke2 e4 58. fxe4 Nc5 59. b7 Rc2+ 60. Kd1 Rh2 61. b8=Q Nd3 62. Rg8+ Kf6 63. Qxh2 Ke7 64. Kc2 Ke6 65. Qc7 1-0


[Site "https://www.chess.com"]

[Event "Titled Tuesday Blitz August 24 2021"]
[White "Rakhmanov, Aleksandr"]
[Black "Goryachkina, Aleksandra"]
[WhiteFideId "4173708"]
[BlackFideId "4147103"]
[WhiteElo "2498"]
[BlackElo "2441"]
[Result "0-1"]
[Round "04"]
[TimeControl "180+1"]
[Date "2021.08.24"]
[WhiteClock "0:00:01"]
[BlackClock "0:00:13"]

1. c4 e6 2. e4 d5 3. exd5 exd5 4. d4 Nf6 5. Nc3 Bb4 6. Bd3 dxc4 7. Bxc4 O-O 8. Ne2 Bg4 9. f3 Bf5 10. O-O Nc6 11. a3 Be7 12. Be3 Qd7 13. Ba2 Rae8 14. Bf2 a6 15. Ng3 Bg6 16. Nge4 Rd8 17. Nc5 Qc8 18. Qa4 Bxc5 19. dxc5 Rd2 20. Bh4 Rd4 21. Qxd4 Nxd4 22. Rad1 Nf5 23. Bxf6 gxf6 24. Nd5 Kg7 25. Rfe1 Re8 26. g4 Rxe1+ 27. Rxe1 Nd4 28. Kf2 Qd8 29. h4 c6 30. Nf4 Nc2 31. Re2 Qd4+ 32. Kg3 Ne3 33. Rf2 h6 34. h5 Bh7 35. b4 Bd3 36. Nh3 Bf1 37. Nf4 Bc4 38. Bxc4 Qxc4 39. Nh3 Nd5 40. Ng1 Qd4 41. Nh3 Qe5+ 42. Kg2 Ne3+ 43. Kg1 Nd5 44. Kg2 Qe1 0-1


[Site "https://www.chess.com"]

[Event "Titled Tuesday Blitz August 24 2021"]
[White "Rodriguez, Santiago"]
[Black "Kovalev, Vladislav"]
[WhiteFideId "3000591"]
[BlackFideId "13504398"]
[WhiteElo "2256"]
[BlackElo "2573"]
[Result "0-1"]
[Round "04"]
[TimeControl "180+1"]
[Date "2021.08.24"]
[WhiteClock "0:00:46"]
[BlackClock "0:01:08"]

1. d4 Nf6 2. Bg5 c5 3. Bxf6 gxf6 4. d5 Qb6 5. Qc1 Bg7 6. c4 f5 7. Nc3 d6 8. Qc2 Nd7 9. Nf3 Nf6 10. e3 Ne4 11. Bd3 Qxb2 12. Qxb2 Bxc3+ 13. Qxc3 Nxc3 14. Nd2 b5 15. cxb5 Nxd5 16. O-O e6 17. a4 Ke7 18. Rfb1 Nb4 19. Bf1 Bd7 20. Nc4 Rhb8 21. g3 a6 22. Na3 axb5 23. Nxb5 Ra5 24. Rd1 d5 25. Rac1 Rxa4 26. Rxc5 Na6 0-1


[Site "https://www.chess.com"]

[Event "Titled Tuesday Blitz August 24 2021"]
[White "Sadhwani, Raunak"]
[Black "Idani, Pouya"]
[WhiteFideId "35093487"]
[BlackFideId "12510130"]
[WhiteElo "2514"]
[BlackElo "2610"]
[Result "1-0"]
[Round "04"]
[TimeControl "180+1"]
[Date "2021.08.24"]
[WhiteClock "0:00:53"]
[BlackClock "0:00:08"]

1. b3 Nf6 2. Bb2 g6 3. Nf3 Bg7 4. g3 O-O 5. Bg2 d6 6. d4 c5 7. O-O Nc6 8. c4 cxd4 9. Nxd4 Bd7 10. Nc3 Qa5 11. e3 Rfc8 12. Rc1 Rab8 13. h3 a6 14. Re1 Qd8 15. a4 Na5 16. Rb1 Qb6 17. Ba1 Nc6 18. Kh2 Nb4 19. e4 e6 20. Nc2 Bc6 21. f4 Rd8 22. Nxb4 Qxb4 23. Qd3 Nd7 24. Na2 Qa3 25. Bxg7 Kxg7 26. Qc3+ Kg8 27. Nb4 a5 28. Nc2 Qc5 29. Ne3 b5 30. axb5 Rxb5 31. Ng4 e5 32. f5 h5 33. Nh6+ Kg7 34. Qd2 Rb7 35. Qg5 Rh8 36. fxg6 fxg6 37. Nf5+ Kh7 38. Qe7+ 1-0


[Site "https://www.chess.com"]

[Event "Titled Tuesday Blitz August 24 2021"]
[White "Sadykov, Ramil"]
[Black "Shahade, Gregory"]
[WhiteFideId "24113590"]
[BlackFideId "2009064"]
[WhiteElo "2300"]
[BlackElo "2693"]
[Result "0-1"]
[Round "04"]
[TimeControl "180+1"]
[Date "2021.08.24"]
[WhiteClock "0:00:03"]
[BlackClock "0:00:54"]

1. d4 Nf6 2. Nc3 d5 3. Bf4 g6 4. e3 Bg7 5. Nf3 c6 6. Ne5 Nh5 7. Be2 Nxf4 8. exf4 f6 9. Nf3 Nd7 10. h4 e5 11. h5 e4 12. Nd2 f5 13. Nb3 g5 14. h6 Bf6 15. Bh5+ Kf8 16. Qd2 Nb6 17. Na5 Rg8 18. g4 fxg4 19. Ne2 Qd6 20. O-O-O gxf4 21. Rdg1 f3 22. Bxg4 Bxg4 0-1


[Site "https://www.chess.com"]

[Event "Titled Tuesday Blitz August 24 2021"]
[White "Samsonkin, Artiom"]
[Black "Firat, Burak"]
[WhiteFideId "13503111"]
[BlackFideId "6305881"]
[WhiteElo "2513"]
[BlackElo "2531"]
[Result "1-0"]
[Round "04"]
[TimeControl "180+1"]
[Date "2021.08.24"]
[WhiteClock "0:00:11"]
[BlackClock "0:00:02"]

1. e4 e5 2. Nf3 Nf6 3. d4 Nxe4 4. dxe5 d5 5. Nbd2 Nxd2 6. Bxd2 Be7 7. c4 Nc6 8. h3 O-O 9. Qc2 Be6 10. O-O-O d4 11. Bd3 h6 12. h4 Qd7 13. Rde1 Rfe8 14. Ng5 hxg5 15. hxg5 Bb4 16. g6 Bxd2+ 17. Qxd2 fxg6 18. Bxg6 Bf7 19. Bh7+ Kf8 20. f4 Qg4 21. Be4 Bxc4 22. Bxc6 bxc6 23. Qb4+ Kf7 24. Qxc4+ Qe6 25. Qxd4 Qxa2 26. f5 Rad8 27. e6+ Kg8 28. f6 Qa1+ 29. Kc2 Qxe1 30. f7+ Kf8 31. Qc5+ Re7 32. Rh8# 1-0


[Site "https://www.chess.com"]

[Event "Titled Tuesday Blitz August 24 2021"]
[White "Sarana, Alexey"]
[Black "Seo, Jung Min"]
[WhiteFideId "24133795"]
[BlackFideId "1734687"]
[WhiteElo "2646"]
[BlackElo "2486"]
[Result "1/2-1/2"]
[Round "04"]
[TimeControl "180+1"]
[Date "2021.08.24"]
[WhiteClock "0:00:04"]
[BlackClock "0:00:09"]

1. d4 Nf6 2. c4 e6 3. Nf3 d5 4. Nc3 Be7 5. Bf4 O-O 6. e3 b6 7. cxd5 Nxd5 8. Nxd5 Qxd5 9. Bxc7 Na6 10. Bg3 Bb7 11. a3 Rac8 12. Bd3 Rfd8 13. O-O Nc5 14. Bc2 Ne4 15. Rc1 Nxg3 16. hxg3 g6 17. Qd2 Bf6 18. Bd3 Qb3 19. Qe2 Kg7 20. Bc4 Qa4 21. Rc3 Qd7 22. Rfc1 Qe7 23. Ba6 Rxc3 24. Rxc3 Bxf3 25. gxf3 Rd7 26. f4 Rc7 27. Bc4 h5 28. Qd3 Qd6 29. Kg2 Qc6+ 30. f3 Qd6 31. Rc2 Rc8 32. Bb3 Rxc2+ 33. Bxc2 Kg8 34. b4 Kg7 35. Qc4 a5 36. Bb3 axb4 37. axb4 Be7 38. b5 Qb4 39. Qxb4 Bxb4 40. Kf2 Kf6 41. Bc2 Ke7 42. Be4 Kd6 43. Bc6 Bc3 44. Ke2 Bb4 45. e4 Bc3 46. d5 exd5 47. Bxd5 Ke7 48. Bb7 Bb4 49. Bc8 Bc3 50. f5 gxf5 51. Bxf5 Kf6 52. f4 Bb4 53. Bc8 Bc3 54. Kf3 Bb4 55. Bb7 Bc3 56. Bd5 Bb4 57. Bc4 Bc3 58. Kg2 Bb4 59. Kh3 Kg6 60. Be2 Be7 61. Bd1 Bd8 62. Bc2 Be7 63. Bb3 Bd8 64. Bd5 Be7 65. Bc6 Bd8 66. Be8 Be7 67. e5 Kg7 68. Bc6 Bd8 69. Be4 Be7 70. Kg2 Bc5 71. Kf3 Bd4 72. Bc6 Kg6 73. Be8 Kg7 74. Bd7 Kg6 75. Bc6 Kg7 76. Be4 Kh6 77. Bc2 Kg7 78. Kg2 Bc5 79. Kh3 Be7 80. Be4 Bd8 81. Bc6 Be7 82. f5 Bg5 83. Kg2 h4 84. f6+ Kf8 85. Kh3 hxg3 86. Kxg3 Bc1 87. Kg4 Bb2 88. Kf5 Ba1 89. Bd5 Bb2 90. Bc4 Ba1 91. Ke4 Bb2 92. Kd5 Ba1 93. Kd6 Bc3 94. Bb3 Bb2 95. Kd5 Ba1 96. Ke4 Bb2 97. Kf5 Bc3 98. Bc4 Bb2 99. Bxf7 Kxf7 100. e6+ Kf8 101. Kg5 Bc1+ 102. Kg6 Ba3 103. Kh7 Be7 104. Kg6 Ba3 105. Kg5 Bc1+ 106. Kf5 Bb2 107. Kg6 Ba3 1/2-1/2


[Site "https://www.chess.com"]

[Event "Titled Tuesday Blitz August 24 2021"]
[White "Saya, Ethan"]
[Black "Krivonosov, Oleg"]
[WhiteFideId "26095181"]
[BlackFideId "11600349"]
[WhiteElo "2241"]
[BlackElo "2469"]
[Result "0-1"]
[Round "04"]
[TimeControl "180+1"]
[Date "2021.08.24"]
[WhiteClock "0:00:03"]
[BlackClock "0:00:37"]

1. e4 e5 2. Nf3 Nc6 3. Bc4 Bc5 4. c3 Nf6 5. d4 exd4 6. cxd4 Bb4+ 7. Bd2 Nxe4 8. Bxb4 Nxb4 9. Bxf7+ Kxf7 10. Qb3+ Kf8 11. Qxb4+ Qe7 12. Qxe7+ Kxe7 13. O-O Nf6 14. Nc3 Rf8 15. Rac1 c6 16. d5 d6 17. dxc6 bxc6 18. Nd4 Bd7 19. Rfe1+ Kd8 20. Ne4 Nxe4 21. Rxe4 c5 22. Ne6+ Bxe6 23. Rxe6 Kd7 24. Rce1 Rae8 25. Rxe8 Rxe8 26. Rxe8 Kxe8 27. f4 d5 28. Kf2 Ke7 29. Ke3 a5 30. g4 h5 31. h3 h4 32. b3 Ke6 33. Kd3 Kd6 34. Ke3 g6 35. a3 Ke6 36. Kd3 Kd6 37. Kc3 Kc6 38. b4 a4 39. f5 gxf5 40. gxf5 d4+ 41. Kc4 cxb4 42. Kxb4 Kd5 43. f6 Ke6 44. Kc4 Kxf6 45. Kxd4 Kf5 46. Ke3 Ke5 47. Kf3 Kf5 48. Ke3 Ke5 49. Kf3 Kd4 50. Kg4 Kc3 51. Kxh4 Kb3 52. Kg4 Kxa3 53. h4 Kb3 54. h5 a3 55. h6 a2 0-1


[Site "https://www.chess.com"]

[Event "Titled Tuesday Blitz August 24 2021"]
[White "Seliverstov, Vladimir"]
[Black "Rottenwohrer Suarez, Juan"]
[WhiteFideId "4192036"]
[BlackFideId "32068182"]
[WhiteElo "2489"]
[BlackElo "2158"]
[Result "1-0"]
[Round "04"]
[TimeControl "180+1"]
[Date "2021.08.24"]
[WhiteClock "0:02:24"]
[BlackClock "0:01:31"]

1. d4 Nf6 2. Bf4 g6 3. e3 Bg7 4. Nf3 c5 5. h3 b6 6. Be2 d6 7. O-O Nbd7 8. a4 a6 9. c3 Bb7 10. Nbd2 O-O 11. Bh2 Qc7 12. Re1 Rac8 13. Bd3 e5 14. dxe5 dxe5 15. Nc4 Ne4 16. Qb3 Rfe8 17. Rad1 h6 18. Bxe4 Bxe4 19. Nd6 Bxf3 20. Qxf7+ 1-0


[Site "https://www.chess.com"]

[Event "Titled Tuesday Blitz August 24 2021"]
[White "Serikbay, Assel"]
[Black "Papasimakopoulos, Alexandros"]
[WhiteFideId "13706799"]
[BlackFideId "4244125"]
[WhiteElo "2044"]
[BlackElo "2352"]
[Result "0-1"]
[Round "04"]
[TimeControl "180+1"]
[Date "2021.08.24"]
[WhiteClock "0:00:01"]
[BlackClock "0:00:32"]

1. e4 e6 2. d4 d5 3. e5 b6 4. c3 Qd7 5. f4 Nh6 6. Nf3 Be7 7. Bd3 Ba6 8. Bxa6 Nxa6 9. Qd3 Nb8 10. Be3 Nf5 11. Bf2 h5 12. Nbd2 c5 13. a4 Nc6 14. O-O cxd4 15. cxd4 Nb4 16. Qb3 O-O 17. Rac1 Rfc8 18. g3 Qb7 19. Kg2 Qa6 20. h3 Qd3 21. Rc3 Rxc3 22. Qxc3 Qxc3 23. bxc3 Na2 24. c4 dxc4 25. Nxc4 Rc8 26. Nfd2 Nc3 27. g4 hxg4 28. hxg4 Nh6 29. g5 Nf5 30. Ra1 Bb4 31. Kf3 Rd8 32. Nb3 Rc8 33. Ncd2 a5 34. Rc1 Rd8 35. Ne4 Nxa4 36. Rc7 Nb2 37. g6 fxg6 38. Ng5 a4 39. Na1 Re8 40. Nc2 Nd3 41. d5 exd5 42. Bxb6 a3 43. Ra7 Nh4+ 44. Kg4 Nf5 0-1


[Site "https://www.chess.com"]